 Dungeon Crawl Stone Soup version 0.21.1-1-g345015f (webtiles) character file.

132 inc the Shield-Bearer (level 5, -6/37 HPs)
             Began as an Octopode Fighter on June 11, 2018.
             Mangled by a hippogriff (7 damage)
             ... on level 3 of the Dungeon.
             The game lasted 00:02:31 (2280 turns).

inc the Shield-Bearer (Octopode Fighter)            Turns: 2280, Time: 00:02:32

Health: -6/37      AC:  1    Str: 16    XL:     5   Next: 15%
Magic:  5/5        EV: 12    Int: 11    God:
Gold:   169        SH:  9    Dex: 13    Spells: 4/4 levels left

rFire    . . .     SeeInvis .   a - +0 flail
rCold    . . .     Gourm    .   b - +0 shield
rNeg     . . .     Faith    .   (helmet restricted)
rPois    .         Spirit   .   (no amulet)
rElec    .         Reflect  .   q - ring of resist corrosion
rCorr    +         Harm     .   s - +2 ring of dexterity
MR       .....                  (no ring)
Stlth    ++........             (no ring)
HPRegen  0.12/turn              (no ring)
MPRegen  0.09/turn              (no ring)
                                (no ring)
                                (no ring)

@: no status effects
A: almost no armour, stealthy swim, amphibious, 8 rings, constrict 8, camouflage
1, gelatinous body 1
a: no special abilities


You were on level 3 of the Dungeon.
You were not hungry.

You visited 1 branch of the dungeon, and saw 3 of its levels.

You collected 169 gold pieces.

Inventory:

Hand Weapons
 a - a +0 flail (weapon)
Armour
 b - a +0 shield (worn)
Jewellery
 q - a ring of resist corrosion (left tentacle)
 s - a +2 ring of dexterity (right tentacle)
Scrolls
 e - a scroll of blinking {unknown}
 g - 5 scrolls of identify {unknown}
 k - a scroll of magic mapping {unknown}
 n - a scroll of amnesia {unknown}
 o - a scroll of enchant armour {unknown}
 p - 3 scrolls of remove curse {unknown}
 r - a scroll of fog {unknown}
 u - 3 scrolls of random uselessness {unknown}
Potions
 c - a potion of might
 f - 4 potions of curing {unknown}
 h - a potion of flight {unknown}
 i - 3 potions of lignification {unknown}
 j - a potion of ambrosia {unknown}
 l - a potion of cancellation {unknown}
 m - a potion of heal wounds {unknown}
 t - 2 potions of brilliance {unknown}
 v - a potion of mutation {unknown}
 w - a potion of haste {unknown}
Comestibles
 d - 5 rations


   Skills:
 + Level 4.0 Fighting
 + Level 3.3 Maces & Flails
 - Level 3.0 Dodging
 + Level 4.1 Shields


You had 4 spell levels left.
You didn't know any spells.

Dungeon Overview and Level Annotations

Branches:
Dungeon (3/15)

Altars:
Ashenzari
Zin


Innate Abilities, Weirdness & Mutations

You cannot wear most types of armour.
You are very stealthy in the water. (Stealth+)
You are amphibious.
You can wear up to eight rings at the same time.
You can use your tentacles to constrict eight enemies at once.
Your skin changes colour to match your surroundings (Stealth+).
Your rubbery body absorbs attacks. (AC +1, EV +1)


Message History

The hippogriff claws you but does no damage.
You hit the hippogriff.
You squeeze the hippogriff, but do no damage.
The hippogriff is lightly wounded.
You block the hippogriff's attack. The hippogriff closely misses you.
The hippogriff barely misses you.
You closely miss the hippogriff.
The hippogriff is lightly wounded.
The hippogriff barely misses you. The hippogriff pecks you!
The hippogriff barely misses you. The hippogriff bites you.
The hippogriff pecks you. The hippogriff claws you.
* * * LOW HITPOINT WARNING * * *
You hit the hippogriff but do no damage.
The hippogriff is lightly wounded.
The hippogriff bites you.
* * * LOW HITPOINT WARNING * * *
The hippogriff pecks you.
* * * LOW HITPOINT WARNING * * *
The hippogriff claws you!
You die...

....>...†.......(((.(.
#....#.#.############ #.
###..#.#.# # #..
...#.#.# # ... #.##.#.#
# # #.# #.##.#.# #
#.#..###.##.#.. #
............############
#
#.#.....H@(............#
#
#.......)..###########.#
# #####..#.#.# #.# #
##.#.#.# #.# #
#.#...###### #.# #
#..#.(#....# #.# #
##.#..#.##.######.# #
#....#.##.....(..# #
##.....########### #


You could see a hippogriff.

Vanquished Creatures
  A gnoll (D:1)
  5 adders
  3 oozes
  A worm (D:2)
  A dart slug (D:3)
  2 leopard geckos
  2 orcs (D:3)
  A ball python (D:2)
  3 giant cockroaches
  8 goblins
  6 hobgoblins
  3 jackals (D:1)
  A quokka (D:2)
  4 bats
  3 frilled lizards
  8 kobolds
  4 rats
56 creatures vanquished.

Notes
Turn   | Place    | Note
-------+----------+-------------------------------------------
     0 | D:1      | inc the Octopode Fighter began the quest for the Orb.
     0 | D:1      | Reached XP level 1. HP: 16/16 MP: 1/1
    10 | D:1      | Reached XP level 2. HP: 16/21 MP: 2/2
   185 | D:1      | Reached XP level 3. HP: 17/26 MP: 3/3
  1234 | D:2      | Reached XP level 4. HP: 32/33 MP: 4/4
  1613 | D:2      | Found a glowing silver altar of Zin.
  2065 | D:3      | Reached XP level 5. HP: 37/37 MP: 5/5
  2112 | D:3      | Noticed a hippogriff
  2135 | D:3      | Found a shattered altar of Ashenzari.
  2280 | D:3      | HP: 1/37 [hippogriff (3)]
  2280 | D:3      | Mangled by a hippogriff

Skill      XL: |  1  2  3  4 |
---------------+-------------+-----
Maces & Flails | 3 |  3.3
Fighting       | 4 |  4.0
Shields        | 4 |  4.1
Dodging        | |  3.0

Action                   |  1- 3 |  4- 6 || total
-------------------------+-------+-------++-------
Melee: Flail             |    56 |    57 ||   113
       Constrict         |    15 |    15 ||    30
       Tentacles         |     7 |    12 ||    19
 Stab: Sleeping          |     8 |     5 ||    13
  Eat: Chunk             |       |     4 ||     4
Armor: Skin              |     3 |     4 ||     7
Dodge: Dodged            |    19 |    35 ||    54
Block: Shield            |    26 |    28 ||    54
